 Dungeon Crawl Stone Soup version 0.29-a0-11-ga75d3d97ab (webtiles) character file.

Game seed: 5784220019535356141

1749 issech the Cudgeller (level 8, -10/71 HPs)
             Began as a Troll Monk on Jan 28, 2022.
             Was a Priest of Hepliaklqana.
             Mangled by a two-headed ogre (30 damage)
             ... on level 6 of the Dungeon on Jan 29, 2022.
             The game lasted 00:23:06 (5487 turns).

issech the Cudgeller (Troll Monk)                   Turns: 5487, Time: 00:23:08

Health: -10/71     AC:  4    Str: 20    XL:     8   Next: 78%
Magic:  7/7        EV: 11    Int:  6    God:    Hepliaklqana [***...]
Gold:   138        SH:  0    Dex: 14    Spells: 7/7 levels left

rFire   . . .      SeeInvis .   y - +0 giant club
rCold   . . .      Faith    .   (shield currently unavailable)
rNeg    . . .      Spirit   .   b - +0 robe
rPois   .          Reflect  .   (helmet restricted)
rElec   .          Harm     .   (no cloak)
rCorr   .          Rampage  .   (gloves unavailable)
Will    .....                   (boots unavailable)
Stlth   ++........              (no amulet)
HPRegen 1.01/turn               (no ring)
MPRegen 0.10/turn               (no ring)

@: no status effects
A: reduced essence, large, unfitting armour, claws 3, regeneration 1, shaggy fur
1, tough skin 1
a: Renounce Religion, Recall Ancestor, Ancestor Identity, Transference


You were on level 6 of the Dungeon.
You worshipped Hepliaklqana.
Hepliaklqana was most pleased with you.
You visited 2 branches of the dungeon, and saw 7 of its levels.
You also visited: Ossuary.

You collected 198 gold pieces.
You spent 60 gold pieces at shops.

Inventory:

Hand Weapons
 a - a +0 mace
 d - a +0 morningstar
 p - a +0 dagger of chaos
 q - a +0 dagger of chaos
 r - a +0 dagger of chaos
 y - a +0 giant club (weapon)
 I - a +0 whip
 J - a +0 flail
Missiles
 h - 166 stones (quivered)
 i - 50 arrows
 m - 6 javelins
 n - 6 boomerangs
 s - 75 bolts
 x - 65 sling bullets
 H - 15 poisoned darts
Armour
 b - a +0 robe (worn)
Magical Staves
 e - a staff of air
Wands
 F - a wand of polymorph (4)
Scrolls
 c - 6 scrolls of teleportation
 j - a scroll of noise
 k - 4 scrolls of vulnerability
 u - 2 scrolls of enchant armour
 B - a scroll of magic mapping
 C - a scroll of identify
 D - a scroll of fog
 E - 2 scrolls of holy word
 G - a scroll of summoning
Potions
 f - 2 potions of lignification {unknown}
 g - a potion of mutation {unknown}
 l - 3 potions of brilliance {unknown}
 o - a potion of heal wounds {unknown}
 t - 2 potions of attraction {unknown}
 v - 2 potions of curing {unknown}
 w - 2 potions of invisibility {unknown}
 z - a potion of degeneration {unknown}
 A - 2 potions of flight {unknown}
 K - a potion of ambrosia {unknown}


   Skills:
 + Level 4.8 Fighting
 + Level 7.4 Maces & Flails
 + Level 4.7 Dodging
 + Level 3.0 Stealth


You had 7 spell levels left.
You didn't know any spells.
Your spell library contained the following spells:

 Spells                   Type           Power      Damage    Failure   Level
 Foxfire                  Conj/Fire      0%         2x1d4     45%         1
 Magic Dart               Conj           0%         1d3       45%         1
 Call Imp                 Summ           0%         N/A       58%         2
 Ensorcelled Hibernation  Hex/Ice        0%         N/A       58%         2
 Passwall                 Tmut/Erth      0%         N/A       58%         2
 Conjure Flame            Conj/Fire      0%         6-21      83%         3
 Dazzling Flash           Conj/Hex       0%         N/A       83%         3
 Ignite Poison            Fire/Tmut/Pois 0%         N/A       83%         3
 Inner Flame              Hex/Fire       0%         N/A       83%         3
 Mephitic Cloud           Conj/Pois/Air  0%         N/A       83%         3
 Swiftness                Air            0%         N/A       83%         3
 Flame Wave               Conj/Fire      0%         2d4       99%         4
 Sticky Flame             Conj/Fire      0%         2d3       99%         4
 Agony                    Necr           0%         N/A       100%        5
 Silence                  Hex/Air        0%         N/A       100%        5


Dungeon Overview and Level Annotations

Branches:
Dungeon (6/15)             Temple (1/1) D:4         Ossuary (visited)

Altars:
Ashenzari
Cheibriados
Dithmenos
Elyvilon
Fedhas
Gozag
Hepliaklqana
Kikubaaqudgha
Makhleb
Nemelex Xobeh
Okawaru
Qazlal
Ru
Sif Muna
Trog
Uskayaw
Wu Jian
Xom
Yredelemnul
Zin
The Shining One

Shops:
D:1 ?   D:4 *


Innate Abilities, Weirdness & Mutations

Your life essence is reduced to manifest your ancestor. (-10% HP)
You are too large for most types of armour.
You have claws for hands.
Your natural rate of healing is unusually fast.
You are covered in fur. (AC +1)
You have tough skin. (AC +1)


Message History

The centaur zombie is almost destroyed.
Vusi hits the centaur zombie with a +0 quarterstaff!
The centaur zombie is destroyed!
Found a rapier.
You see here a +0 rapier.
You swap places.
Found a short sword.
You can now swap creatures with your ancestor.
You see here a +0 short sword.
You swap places.
You swap places.
Things that are here:
a +0 short sword; an orc skeleton You see here a +0 dagger.
You swap places.
Things that are here:
a +0 short sword; an orc skeleton A two-headed ogre comes into view.
It is wielding two +0 giant spiked clubs.
Found a scroll of identify.
An orc warrior and an orc come into view.
Found 12 gold pieces.
An orc wizard and an orc priest come into view.
Found 4 poisoned darts.
You swap places.
The orc priest miscasts a cantrip.
You hear a shout!
The orc priest miscasts a cantrip.
You swap places.
You bludgeon the two-headed ogre!!
The two-headed ogre is moderately wounded.
The two-headed ogre hits you with a +0 giant spiked club!!
The two-headed ogre barely misses you.
Vusi hits the two-headed ogre with a +0 quarterstaff!!
You strike the helpless two-headed ogre from behind!
You sock the two-headed ogre!
The two-headed ogre is almost dead.
The two-headed ogre hits you with a +0 giant spiked club!!
* * * LOW HITPOINT WARNING * * *
The two-headed ogre hits you with a +0 giant spiked club!!
You die...

#.......# # #########
#.##.#.)# # #.......#
#.##.#.)#### #
#.#####.####.##.......###
.............####........
..#####.#......###....###
...#.#........#...#
######.#.##.#####...#
#.o.O@....#.# #...#
#.###R......# #...#
......?.# #..#..#.##
#...# oo......#
#..).....####...##
(oo.....#
#..#..#...........
.....$..#
#..........[......
#.......#
##....#...........
#o......#
#.......###....#.
#.......# ###.#####
#....#.


You could see the friendly Vusi the battlemage, a two-headed ogre (ally target)
and an orc warrior.

Vanquished Creatures
  An ogre (D:5)
  A kobold brigand (D:6)
  2 centaur zombies
  A hound (D:4)
  A bullfrog skeleton (D:5)
  2 iguanas
  An orc wizard (D:6)
  A mummy (Ossuary)
  3 adders
  An ufetubus (D:5)
  An adder zombie (Ossuary)
  2 worms
  4 dart slugs
  An orc (D:5)
  7 endoplasms
  6 giant cockroaches
  4 hobgoblins
  2 quokkas
  6 ball pythons
  2 bats (D:3)
  A frilled lizard (D:1)
  6 goblins
  5 hobgoblin zombies (Ossuary)
  A jackal zombie (Ossuary)
  16 kobolds
  6 kobold zombies (Ossuary)
  2 orc zombies (Ossuary)
  4 rats
  A rat zombie (Ossuary)
91 creatures vanquished.

Vanquished Creatures (collateral kills)
  Sigmund (D:6)
  A steam dragon (D:6)
  A black bear (D:6)
  A sky beast (D:5)
  2 ogres
  A phantom (D:4)
  Blork the orc (D:5)
  An elf zombie (Ossuary)
  A water moccasin skeleton (D:5)
  A bullfrog zombie (D:5)
  2 centaur zombies (D:6)
  3 hounds (D:4)
  An orc priest (D:5)
  A centaur skeleton (D:5)
  2 iguanas
  A mummy (Ossuary)
  2 adders
  An adder zombie (Ossuary)
  An adder skeleton (D:4)
  A worm (D:5)
  6 orcs
  A giant cockroach (D:4)
  3 jackals (D:5)
  2 quokkas (D:4)
  A goblin zombie (Ossuary)
  3 hobgoblin zombies (Ossuary)
  A jackal zombie (Ossuary)
  3 kobolds (D:6)
  5 kobold zombies (Ossuary)
  7 orc zombies (Ossuary)
  A rat zombie (Ossuary)
59 creatures vanquished.

Vanquished Creatures (others)
  A battlemage (Ossuary)
  An orc (D:6)
2 creatures vanquished.

Grand Total: 152 creatures vanquished

Notes
Turn   | Place    | Note
-------+----------+-------------------------------------------
     0 | D:1      | issech the Troll Monk began the quest for the Orb.
     0 | D:1      | Reached XP level 1. HP: 22/22 MP: 0/0
   123 | D:1      | Found a faded altar of an unknown god.
   182 | D:1      | Reached XP level 2. HP: 29/29 MP: 1/1
   380 | D:1      | Found Fahunu's Magic Scroll Boutique.
   543 | D:1      | Reached skill level 3 in Maces & Flails
   831 | D:1      | Bought a scroll of identify for 20 gold pieces
   885 | D:2      | Reached XP level 3. HP: 33/36 MP: 2/2
  1243 | D:2      | Reached XP level 4. HP: 34/45 MP: 3/3
  1910 | D:3      | Found a burning altar of Makhleb.
  2063 | D:3      | Reached skill level 4 in Maces & Flails
  2166 | D:3      | Reached XP level 5. HP: 53/53 MP: 4/4
  2253 | D:3      | Found a large runed translucent door.
  2254 | D:3      | Found a large runed translucent door.
  2259 | D:3      | Found a shimmering altar of Xom.
  2630 | D:1      | Bought a scroll of identify for 20 gold pieces
  2630 | D:1      | Bought a scroll of identify for 20 gold pieces
  2664 | D:4      | Found a staircase to the Ecumenical Temple.
  2750 | Temple   | Entered the Ecumenical Temple
  2759 | Temple   | Became a worshipper of Hepliaklqana the Forgotten
  2759 | Temple   | Reached * piety under Hepliaklqana
  2759 | Temple   | Reached ** piety under Hepliaklqana
  2760 | Temple   | Remembered your ancestor Vusi as a battlemage
  2952 | D:4      | Noticed a phantom
  2959 | D:4      | Found a sand-covered staircase.
  2971 | D:4      | Killed a phantom
  2972 | D:4      | Reached XP level 6. HP: 37/54 MP: 5/5
  2984 | Ossuary  | Entered an ossuary
  3308 | Ossuary  | Reached skill level 5 in Maces & Flails
  3540 | D:4      | Found Zolanyj's Overcharged Wands.
  3781 | D:4      | Reached XP level 7. HP: 61/61 MP: 6/6
  3974 | D:5      | Entered Level 5 of the Dungeon
  3983 | D:5      | Found a bloodstained altar of Trog.
  4050 | D:5      | Noticed Blork the orc
  4058 | D:5      | Killed Blork the orc
  4059 | D:5      | Reached skill level 6 in Maces & Flails
  4124 | D:5      | Reached XP level 8. HP: 62/70 MP: 7/7
  4235 | D:5      | Found a broken altar of Ashenzari.
  4235 | D:5      | Found a shadowy altar of Dithmenos.
  4264 | D:5      | Found a glowing silver altar of Zin.
  4408 | D:5      | Found a hide-covered altar of Uskayaw.
  4457 | D:5      | Found a shimmering blue altar of Sif Muna.
  4901 | D:6      | Noticed Sigmund
  4910 | D:6      | Killed Sigmund
  4911 | D:6      | Reached skill level 7 in Maces & Flails
  5387 | D:6      | Reached *** piety under Hepliaklqana
  5475 | D:6      | Noticed a two-headed ogre
  5487 | D:6      | Mangled by a two-headed ogre

Illustrated notes

Levels and vault maps discovered:
D:1:      elethiomel_arrival_quiet, layout_basic, basic_ecumenical_altar,
          serial_shops, shop, grunt_decor_one_mirror
D:2:      layout_loops_cross
D:3:      due_chaos_kobolds, layout_basic, lightli_temple_of_fire
D:4:      layout_basic, minmay_temple_entry_drinking_statues,
          nicolae_ossuary_entry_ruins, serial_corexii_hall,
          chequers_hall_statues_y, corexii_hall_statues_l,
          nicolae_shop_overcharged_wands
D:5:      layout_rooms, mainiacjoe_overflow_surrounded_room, led_sif_pool,
          overflow_temple_1_default, gammafunk_temple_overflow_forgotten,
          uniq_blork_the_orc
D:6:      layout_loops_cross, uniq_sigmund
Temple:   eino_narrow_crystal_temple

Skill      XL: |  1  2  3  4  5  6  7  8 |
---------------+-------------------------+-----
Maces & Flails | 3 4 5 6 7 |  7.4
Fighting       | 3 4 |  4.8
Dodging        | 3 4 |  4.7
Stealth        | 2 3 |  3.0

Action                   |  1- 3 |  4- 6 |  7- 9 || total
-------------------------+-------+-------+-------++-------
Melee: Mace              |   102 |   190 |    31 ||   323
       Punch             |     2 |     3 |     1 ||     6
       Giant club        |       |       |    48 ||    48
Invok: Ancestor Life: Ba |       |     1 |       ||     1
  Use: Scroll            |     1 |     3 |     4 ||     8
 Stab: Sleeping          |     2 |     5 |     2 ||     9
       Distracted        |       |     1 |     2 ||     3
Armor: Robe              |    33 |    68 |    20 ||   121
Dodge: Dodged            |    51 |   104 |    55 ||   210

Table legend: (Time is in decaauts)
 A = Elapsed time spent in this place.
 B = Non-inter-level travel time spent in this place.
 C = Inter-level travel time spent in this place.
 D = Time resting spent in this place.
 E = Time spent auto-exploring this place.
 F = Levels seen in this place.
 G = Mean time per level.
                   A        B        C        D        E       F      G
               +--------+--------+--------+--------+--------+-----+--------+
         Total |   5564 |   5220 |    344 |     64 |   1978 |   8 |  695.5 |
       Dungeon |   5048 |   4723 |    325 |     61 |   1819 |   6 |  841.3 |
        Temple |    170 |    151 |     19 |      0 |    142 |   1 |  170.0 |
       Ossuary |    345 |    345 |      0 |      3 |     17 |   1 |  345.0 |
               +--------+--------+--------+--------+--------+-----+--------+

Top non-repeatable levels by time:
     D:3: 994 daAuts
     D:4: 951 daAuts
     D:1: 866 daAuts
     D:2: 847 daAuts
     D:5: 695 daAuts
     D:6: 694 daAuts
 Ossuary: 345 daAuts
  Temple: 170 daAuts
